 Dungeon Crawl Stone Soup version 0.17.0-28-g6e173f8 (webtiles) character file.

58 Raultor the Ruffian (level 4, -1/40 HPs)
             Began as a Ghoul Monk on Nov 23, 2015.
             Killed from afar by Ijyb (2 damage)
             ... with a wand of frost
             ... on level 2 of the Dungeon.
             The game lasted 00:03:51 (960 turns).

Raultor the Ruffian (Ghoul Monk)                     Turns: 960, Time: 00:03:51

Health: -1/40      AC:  2    Str: 14    XL:     4   Next: 1%
Magic:  3/3        EV: 13    Int:  5    God:
Gold:   59         SH:  0    Dex: 12    Spells: 0 memorised, 3 levels left

rFire  . . .     SeeInvis .       - Unarmed
rCold  + . .     Clarity  .     a - +0 robe
rNeg   + + +     SustAt   .     (no shield)
rPois  ∞         Gourm    .     (no helmet)
rElec  .         Spirit   .     (no cloak)
rCorr  .         Warding  .     (no gloves)
rMut   .         Stasis   .     (no boots)
MR     .....                    (no amulet)
Stlth  ++........               (no ring)
                                (no ring)

@: rotting, not resistant to hostile enchantments, unstealthy
A: rotting body, claws 1, carnivore 3, cold resistance 1, negative energy
resistance 3, slow regeneration 1, torment resistance, unbreathing
a: no special abilities


You were on level 2 of the Dungeon.
You were not hungry.

You visited 1 branch of the dungeon, and saw 2 of its levels.

You collected 59 gold pieces.

Inventory:

Missiles
 e - 21 stones (quivered)
Armour
 a - a +0 robe (worn)
Scrolls
 c - a scroll of noise {unknown}
 d - 2 scrolls of blinking {unknown}
 g - a scroll of amnesia {unknown}
 h - a scroll of identify {unknown}
 j - a scroll of teleportation {unknown}
Potions
 i - a potion of heal wounds {unknown}
 k - a potion of might {unknown}
Comestibles
 b - 2 meat rations


   Skills:
 + Level 3.9 Fighting
 + Level 3.3 Dodging
 - Level 2.1 Stealth
 + Level 5.0 Unarmed Combat


You had 3 spell levels left.
You didn't know any spells.

Dungeon Overview and Level Annotations

Branches:
Dungeon (2/15)

Altars:
Makhleb
The Shining One

Annotations:
D:2 Ijyb


Innate Abilities, Weirdness & Mutations

Your body is rotting away.
You thrive on raw meat.
You are immune to poison.
You have sharp fingernails.
You are carnivorous and can eat meat at any time.
Your flesh is cold resistant.
You are immune to negative energy.
You regenerate slowly when monsters are visible.
You are immune to unholy pain and torment.
You can survive without breathing.


Message History

Ijyb is severely wounded.
Ijyb zaps a wand.
The puff of frost misses you.
You scratch Ijyb but do no damage.
Ijyb is severely wounded.
Ijyb hits you with a club.
* * * LOW HITPOINT WARNING * * *
You barely miss Ijyb.
Ijyb is severely wounded.
Ijyb zaps a wand.
The puff of frost hits you! You resist.
* * * LOW HITPOINT WARNING * * *
You closely miss Ijyb.
Ijyb is severely wounded.
You scratch Ijyb but do no damage.
Ijyb is severely wounded.
Ijyb zaps a wand.
The puff of frost hits you! You resist.
* * * LOW HITPOINT WARNING * * *
You scratch Ijyb but do no damage.
Ijyb is severely wounded.
Ijyb zaps a wand.
The puff of frost hits you! You resist.
You die...

####...#####.....#.......#
#...# #.##..#.......# #...#
#.##..##.....## #...#
#.##..####.####.# ####...#
#................. #......#
#..........#.##.#. ..####.#
#.##............
#.####.#####.#####.####....
.....#.#........@g.# #####
#.##.#.#.###.#######
#.##.....###.#
.......#.##..#
####...#.##.## #
#......##.##
####...#.#...##
..##..##......##
#.#......>.....##


You could see Ijyb.

Vanquished Creatures
  An adder (D:2)
  3 oozes
  8 bats
  A giant cockroach (D:1)
  3 hobgoblins
  A quokka (D:2)
  A ball python (D:1)
  A giant gecko (D:2)
  4 giant newts
  5 goblins
  7 jackals (D:1)
  A kobold (D:2)
  2 rats (D:1)
38 creatures vanquished.

Notes
Turn   | Place    | Note
--------------------------------------------------------------
     0 | D:1      | Raultor the Ghoul Monk began the quest for the Orb.
     0 | D:1      | Reached XP level 1. HP: 19/19 MP: 0/0
   141 | D:1      | Reached XP level 2. HP: 17/26 MP: 1/1
   407 | D:1      | Reached XP level 3. HP: 27/31 MP: 2/2
   543 | D:1      | Found a glowing golden altar of the Shining One.
   844 | D:2      | Reached skill level 5 in Unarmed Combat
   904 | D:2      | Reached XP level 4. HP: 35/40 MP: 3/3
   905 | D:2      | Found a burning altar of Makhleb.
   905 | D:2      | Noticed Ijyb
   959 | D:2      | HP: 1/40 [Ijyb/wand of frost (5)]
   960 | D:2      | Killed from afar by Ijyb

Action                   |  1- 3 |  4- 6 || total
-------------------------+-------+-------++-------
Melee: Unarmed           |   102 |    29 ||   131
 Stab: Sleeping          |     5 |       ||     5
  Eat: Chunk             |    10 |     5 ||    15
